 Dungeon Crawl Stone Soup version 0.19.3-4-gbf9329e (webtiles) character file.

4439 Tristan the Archer (level 10, -2/72 HPs)
             Began as a High Elf Hunter on Jan 28, 2017.
             Was an Elder of Okawaru.
             Slain by a troll (19 damage)
             ... on level 8 of the Dungeon on Jan 29, 2017.
             The game lasted 00:30:16 (11827 turns).

Tristan the Archer (High Elf Hunter)               Turns: 11827, Time: 00:30:17

Health: -2/72      AC: 18    Str: 14    XL:     10   Next: 14%
Magic:  10/12      EV: 21    Int: 21    God:    Okawaru [****..]
Gold:   412        SH:  0    Dex: 16    Spells: 0 memorised, 9 levels left

rFire  . . .     SeeInvis .     a - +2 shortbow
rCold  + . .     Gourm    .     I - +4 ring mail {rN+}
rNeg   + . .     Faith    .     (shield currently unavailable)
rPois  .         Spirit   .     (no helmet)
rElec  .         Reflect  .     C - +0 cloak
rCorr  .         Harm     +     q - +2 pair of gloves
MR     +....                    o - +1 pair of boots
Stlth  ++++......               u - amulet of harm
                                (no ring)
                                y - ring of Oteosaro {+Inv rC+ Int+5 Stlth+}

@: heroism
A: slimy green scales 1, low mp 1, slow regeneration 1, wild magic 1
a: Heroism, Renounce Religion, Evoke Invisibility


You were on level 8 of the Dungeon.
You worshipped Okawaru.
Okawaru was greatly pleased with you.
You were not hungry.

You visited 1 branch of the dungeon, and saw 9 of its levels.
You also visited: Ossuary.

You collected 443 gold pieces.
You spent 31 gold pieces at shops.

Inventory:

Hand Weapons
 a - a +2 shortbow (weapon)
 b - a +1 dagger of venom
 c - a +0 long sword
Missiles
 d - 145 arrows (quivered)
Armour
 o - a +1 pair of boots (worn)
 q - a +2 pair of gloves (worn)
 C - a +0 cloak (worn)
 I - a +4 ring mail of positive energy (worn)
Rods
 j - a +1 iron rod (12/12)
   (You found it on level 3 of the Dungeon)
Jewellery
 u - an amulet of harm (around neck)
 y - the ring of Oteosaro (left hand) {+Inv rC+ Int+5 Stlth+}
   (You found it on level 4 of the Dungeon)

   [ring of intelligence]

   It affects your intelligence (+5).
   It protects you from cold.
   It lets you turn invisible.
   It makes you more stealthy.
Wands
 G - a wand of iceblast (6/15)
 H - a wand of disintegration (18/24)
 N - a wand of iceblast (9/15)
Scrolls
 h - 3 scrolls of teleportation
 m - 2 scrolls of fear
 p - 5 scrolls of remove curse
 r - a scroll of enchant weapon
 v - 4 scrolls of magic mapping
 w - a scroll of identify
 E - a scroll of recharging
 F - 3 scrolls of enchant armour
 J - a scroll of blinking
Potions
 e - 3 potions of agility
 i - a potion of berserk rage
 k - a potion of resistance
 l - a potion of lignification
 n - 8 potions of curing
 x - 2 potions of haste
 L - a potion of heal wounds
 M - 2 potions of cancellation
Books
 A - a book of Minor Magic

   Spells                             Type                      Level
   a - Magic Dart                     Conjuration                  1
   b - Blink                          Translocation                2
   c - Call Imp                       Summoning                    2
   d - Repel Missiles                 Charms/Air                   2
   e - Slow                           Hexes                        2
   f - Conjure Flame                  Conjuration/Fire             3
   g - Mephitic Cloud                 Conjuration/Poison/Air       3
 B - a book of Flames

   Spells                             Type                      Level
   a - Flame Tongue                   Conjuration/Fire             1
   b - Throw Flame                    Conjuration/Fire             2
   c - Conjure Flame                  Conjuration/Fire             3
   d - Inner Flame                    Hexes/Fire                   3
   e - Sticky Flame                   Conjuration/Fire             4
   f - Fireball                       Conjuration/Fire             5
 D - a book of Misfortune

   Spells                             Type                      Level
   a - Confusing Touch                Hexes                        1
   b - Confuse                        Hexes                        3
   c - Gell's Gravitas                Hexes/Translocation          3
   d - Petrify                        Transmutation/Earth          4
   e - Metabolic Englaciation         Hexes/Ice                    5
   f - Yara's Violent Unravelling     Hexes/Transmutation          5
Comestibles
 f - 4 bread rations
 g - 3 slices of pizza
 s - 4 beef jerkies
 t - 4 chunks of flesh
 z - 2 meat rations


   Skills:
 - Level 8.0(13.0) Fighting
 * Level 11.8(16.8) Bows
 + Level 9.9(14.9) Dodging
 - Level 1.1(6.1) Stealth
 + Level 3.5 Invocations


You had 9 spell levels left.
You didn't know any spells.

Dungeon Overview and Level Annotations

Branches:
Dungeon (9/15)             Temple (0/1) D:6
   Lair: D:8-11         Orc: D:9-12

Altars:
Ashenzari
Dithmenos
Hepliaklqana
Okawaru
Qazlal
Ru
Sif Muna
Uskayaw
Zin

Shops:
D:5 (

Annotations:
D:9 Grum


Innate Abilities, Weirdness & Mutations

You are partially covered in slimy green scales. (AC +2)
Your magical capacity is low. (-10% MP)
You regenerate slowly when monsters are visible.
Your spells are a little harder to cast, but a little more powerful.


Message History

You shoot an arrow. The arrow completely misses the troll.
Aim: a troll You shoot an arrow.
The arrow closely misses the troll.
The troll bites you but does no damage. The troll claws you!
The troll barely misses you.
Aim: a troll You shoot an arrow.
The arrow hits the troll!
The troll closely misses you. The troll claws you!
* * * LOW HITPOINT WARNING * * *
The troll claws you but does no damage.
Aim: a troll (moderately wounded)
You shoot an arrow. The arrow hits the troll!
Aim: a troll (severely wounded)
You shoot an arrow. The arrow hits the troll.
The troll completely misses you. The troll misses you.
The troll closely misses you.
Aim: a troll (severely wounded)
You shoot an arrow. The arrow hits the troll.
Aim: a troll (severely wounded)
You shoot an arrow. The arrow hits the troll.
The troll bites you!
You die...

.## #..#........# ##.#
.# ##..##......# ##..##
## ##..(.....##
###....### # ##.......#
###..#.....# ##.....##
##...#....... ##....#
###..##.......# ####
##...####..###.........
#..####...T#...##
#.........
#...##..###@.###
#.>....... ##.....##
##..# ##.......# ####
#....## #..## #.......#
...####.....# ##...#
###...### ............#
#....## #####
.........#### ##.....##
##..!...## ##.......##
###....# ##.........#
###.##
##.......##.##########


You could see a troll.

Vanquished Creatures
  The ghost of cba the Covert, a novice OpAs (D:7)
  Pikel (D:3)
  A two-headed ogre (D:7)
  A hippogriff (D:6)
  Menkaure (D:4)
  Edmund (D:4)
  A sky beast (D:6)
  3 slaves
  A phantom (D:9)
  A hornet zombie (D:7)
  A necrophage (D:6)
  3 wolves (D:8)
  A centaur (D:7)
  4 ogres
  3 elf zombies (Ossuary)
  3 bullfrogs (D:7)
  A wyvern skeleton (D:8)
  A scorpion (D:5)
  6 howler monkeys
  The ghost of sheala the Conjurer, a weakling DECj (D:3)
  2 crimson imps (D:5)
  2 centaur skeletons
  3 centaur zombies (Ossuary)
  A jelly (D:6)
  A bullfrog skeleton (D:8)
  2 hounds (D:6)
  3 iguanas (D:4)
  2 worker ants
  9 orc wizards
  2 big kobold zombies (Ossuary)
  3 mummies
  A worker ant zombie (D:8)
  6 gnolls
  8 adders
  A shadow imp (D:6)
  An adder skeleton (D:5)
  2 adder zombies
  7 worms
  2 dart slugs
  7 leopard geckos
  24 orcs
  4 giant cockroaches
  5 goblins
  9 hobgoblins
  6 jackals
  6 quokkas
  2 ball pythons (D:2)
  A ball python zombie (D:4)
  8 bats
  11 frilled lizards
  A goblin zombie (Ossuary)
  10 hobgoblin zombies (Ossuary)
  A jackal zombie (D:5)
  11 kobolds
  10 kobold zombies (Ossuary)
  7 orc zombies (Ossuary)
  11 rats
  A rat zombie (Ossuary)
229 creatures vanquished.

Notes
Turn   | Place    | Note
-------+----------+-------------------------------------------
     0 | D:1      | Tristan the High Elf Hunter began the quest for the Orb.
     0 | D:1      | Reached XP level 1. HP: 14/14 MP: 2/2
   284 | D:1      | Reached XP level 2. HP: 19/19 MP: 3/3
   338 | D:1      | Reached skill level 6 in Bows
  1174 | D:2      | Reached XP level 3. HP: 24/24 MP: 4/4
  1262 | D:2      | Found a faded altar of an unknown god.
  1326 | D:2      | Reached skill level 7 in Bows
  1918 | D:2      | Reached XP level 4. HP: 18/29 MP: 5/5
  2463 | D:3      | Found an iron altar of Okawaru.
  2470 | D:3      | Became a worshipper of Warmaster Okawaru
  3009 | D:3      | Noticed sheala's ghost (weakling DECj)
  3024 | D:3      | Killed sheala's ghost
  3024 | D:3      | Reached skill level 8 in Bows
  3025 | D:3      | Reached XP level 5. HP: 21/34 MP: 6/6
  3603 | D:3      | Found a hide-covered altar of Uskayaw.
  3776 | D:4      | Noticed an ogre
  3780 | D:4      | Killed an ogre
  3780 | D:4      | Reached skill level 9 in Bows
  3823 | D:4      | Noticed Edmund
  3857 | D:4      | Killed Edmund
  3857 | D:4      | Reached * piety under Okawaru
  3857 | D:4      | Reached XP level 6. HP: 9/41 MP: 7/7
  4154 | D:4      | Noticed a slave
  4157 | D:4      | Noticed a slave
  4159 | D:4      | Noticed Pikel
  4159 | D:4      | Noticed a slave
  4162 | D:4      | Noticed a slave
  4178 | D:4      | Killed a slave
  4198 | D:4      | Killed a slave
  4224 | D:3      | Killed a slave
  4478 | D:3      | Killed Pikel
  4478 | D:3      | Reached ** piety under Okawaru
  4478 | D:3      | Reached XP level 7. HP: 25/48 MP: 5/8
  4604 | D:4      | Reached skill level 10 in Bows
  4822 | D:4      | Found a sacrificial altar of Ru.
  4826 | D:4      | Reached skill level 5 in Dodging
  4957 | D:4      | Noticed Menkaure
  4963 | D:4      | Killed Menkaure
  4963 | D:4      | Reached skill level 5 in Fighting
  4963 | D:4      | Reached XP level 8. HP: 25/55 MP: 9/9
  5170 | D:4      | Got a transparent marble ring
  5184 | D:4      | Identified the ring of Oteosaro {+Inv rC+ Int+5 Stlth+} (You found it on level 4 of the Dungeon)
  5244 | D:4      | Found a shattered altar of Ashenzari.
  5391 | D:4      | Found a deep blue altar of Sif Muna.
  5391 | D:4      | Found a hazy altar of Hepliaklqana.
  5392 | D:4      | Found a stormy altar of Qazlal.
  5418 | D:5      | Entered Level 5 of the Dungeon
  5740 | D:5      | Found a shadowy altar of Dithmenos.
  6037 | D:5      | Found Mevotsed's Weapon Boutique.
  6068 | D:5      | Bought 12 arrows for 31 gold pieces
  6440 | D:6      | Reached *** piety under Okawaru
  6476 | D:6      | Found a sand-covered staircase.
  6487 | Ossuary  | Entered an ossuary
  7423 | D:6      | Gained mutation: You are clumsy. (Dex -2) [potion of mutation]
  7423 | D:6      | Gained mutation: Your body sometimes deteriorates upon taking damage. [potion of mutation]
  7423 | D:6      | Gained mutation: You regenerate slowly when monsters are visible. [potion of mutation]
  7424 | D:6      | Gained mutation: You passively map a small area around you. [potion of mutation]
  7424 | D:6      | Gained mutation: Your magical capacity is low. (-10% MP) [potion of mutation]
  7424 | D:6      | Lost mutation: Your body sometimes deteriorates upon taking damage. [potion of mutation]
  7511 | D:6      | Reached XP level 9. HP: 59/63 MP: 9/9
  7855 | D:6      | Found a staircase to the Ecumenical Temple.
  8169 | D:7      | Noticed cba's ghost (novice OpAs)
  8229 | D:7      | Killed cba's ghost
  8229 | D:7      | Received a gift from Okawaru
  8899 | D:7      | Reached skill level 1 in Invocations
  9957 | D:7      | Reached skill level 11 in Bows
 10273 | D:6      | Reached **** piety under Okawaru
 10290 | D:6      | Lost mutation: You are clumsy. (Dex -2) [mutagenic meat]
 10291 | D:6      | Gained mutation: You are partially covered in slimy green scales. (AC +2) [mutagenic meat]
 10293 | D:6      | Gained mutation: Your spells are a little harder to cast, but a little more powerful. [mutagenic meat]
 10294 | D:6      | Lost mutation: You passively map a small area around you. [mutagenic meat]
 10510 | D:8      | Reached XP level 10. HP: 59/72 MP: 12/12
 10825 | D:8      | Found a shadowy altar of Dithmenos.
 10825 | D:8      | Found a glowing silver altar of Zin.
 11540 | D:9      | Noticed Grum
 11827 | D:8      | Slain by a troll

Skill      XL: |  1  2  3  4  5  6  7  8  9 |
---------------+----------------------------+-----
Bows           | 6 7 8 9 10 11 | 11.8
Dodging        | 4 5 7 9 |  9.9
Fighting       | 4 5 7 8 |  8.0
Invocations    | 3 |  3.5
Stealth        | |  1.1

Action                   |  1- 3 |  4- 6 |  7- 9 | 10-12 || total
-------------------------+-------+-------+-------+-------++-------
Melee: Short sword       |   164 |    22 |       |       ||   186
       Dagger            |       |   139 |   621 |    98 ||   858
       Punch             |       |     1 |       |       ||     1
 Fire: Shortbow          |     7 |    40 |   155 |    34 ||   236
Invok: Heroism           |       |     2 |     3 |     1 ||     6
Evoke: Rod               |       |     5 |     2 |     4 ||    11
  Use: Scroll            |       |    10 |     9 |     2 ||    21
       Potion            |       |       |     6 |       ||     6
 Stab: Sleeping          |     4 |     4 |     6 |     2 ||    16
       Paralysed         |       |       |     1 |       ||     1
  Eat: Chunk             |     3 |    11 |    18 |     6 ||    38
       Fruit             |       |       |     4 |       ||     4
       Meat ration       |       |       |     1 |       ||     1
Armor: Leather armour    |    56 |    42 |   246 |     8 ||   352
       Ring mail         |       |       |       |    24 ||    24
Dodge: Dodged            |   115 |    92 |   583 |   115 ||   905
